 Dungeon Crawl Stone Soup version 0.22-a0-283-g1871b15 (webtiles) character file.

1339 Amnesiac the Zephyrmancer (level 8, -2/41 HPs)
             Began as a Tengu Air Elementalist on Mar 19, 2018.
             Was a Follower of Sif Muna.
             Slain by a two-headed ogre
             ... wielding a +0 dire flail
              (10 damage)
             ... on level 6 of the Dungeon.
             The game lasted 00:10:31 (6439 turns).

Amnesiac the Zephyrmancer (Tengu Air Elementalist)  Turns: 6439, Time: 00:10:32

Health: -2/41      AC:  5    Str:  9    XL:     8   Next: 61%
Magic:  0/21       EV: 12    Int: 18    God:    Sif Muna [*.....]
Gold:   307        SH:  0    Dex: 14    Spells: 11/23 levels left

rFire    . . .     SeeInvis +   u - staff of wizardry
rCold    + . .     Gourm    .   (no shield)
rNeg     . . .     Faith    .   v - +0 leather armour {rC+}
rPois    .         Spirit   +   n - +1 hat
rElec    .         Reflect  .   p - +0 cloak
rCorr    .         Harm     .   (no gloves)
MR       .....                  (boots unavailable)
Stlth    +.........             o - amulet of guardian spirit
HPRegen  0.13/turn              q - ring of see invisible
MPRegen  0.17/turn              (no ring)

@: confused, divine energy
A: beak, talons 3, able to fly 1
a: Fly, Stop Divine Energy, Renounce Religion


You were on level 6 of the Dungeon.
You worshipped Sif Muna.
Sif Muna was aware of your devotion.
You were not hungry.

You visited 2 branches of the dungeon, and saw 7 of its levels.

You collected 307 gold pieces.

Inventory:

Hand Weapons
 d - a +2 dagger of venom
 r - a +1 whip of electrocution
Armour
 n - a +1 hat (worn)
 p - a +0 cloak (worn)
 v - a +0 leather armour of cold resistance (worn)
Magical Staves
 e - an uncursed staff of poison
 u - an uncursed staff of wizardry (weapon)
Jewellery
 o - an amulet of guardian spirit (around neck)
 q - a ring of see invisible (left hand)
Scrolls
 a - a scroll of amnesia {!r}
 g - 5 scrolls of remove curse {!r}
 i - 3 scrolls of fog {!r}
 j - a scroll of teleportation {!r}
 t - a scroll of enchant weapon {!r}
Potions
 h - a potion of flight {!q}
 k - a potion of invisibility {!q}
 l - a potion of cancellation {!q}
 m - 2 potions of haste {!q}
 s - a potion of brilliance {!q}
 w - 2 potions of curing {!q, unknown}
Comestibles
 b - 7 chunks of flesh
 c - 8 rations


   Skills:
 - Level 2.1 Dodging
 - Level 2.0 Stealth
 * Level 8.1 Spellcasting
 - Level 1.3 Conjurations
 + Level 8.3 Air Magic


You had 11 spell levels left.
You knew the following spells:

 Your Spells              Type           Power        Failure   Level  Hunger
a - Airstrike             Air            #####.....   1%          4    ###....
b - Static Discharge      Conj/Air       ###.....     2%          3    #......
c - Lightning Bolt        Conj/Air       ###.......   21%         5    #####..


Dungeon Overview and Level Annotations

Branches:
Dungeon (6/15)             Temple (1/1) D:4

Altars:
Ashenzari
Cheibriados
Dithmenos
Elyvilon
Fedhas
Gozag
Hepliaklqana
Kikubaaqudgha
Makhleb
Nemelex Xobeh
Okawaru
Qazlal
Ru
Sif Muna
Trog
Uskayaw
Vehumet
Wu Jian
Xom
Yredelemnul
Zin
The Shining One


Innate Abilities, Weirdness & Mutations

You have a beak for a mouth.
You have claws for feet.
You can fly.


Message History

a dagger; a ring mail
Things that are here:
a flail; a ring mail
Found a pair of boots.
You now have 307 gold pieces (gained 8).
w - 2 pink potions {!q} (gained 1)
Casting: Airstrike (safe; 1% risk of failure)
Confirm with . or Enter, or press ? or * to list all spells.
Aiming: Airstrike (safe; 1% risk of failure)
Press: ? - help, Dir - move target cursor, f - two-headed ogre
Aim: a two-headed ogre, wielding a dire flail and a giant club (hasn't noticed you)
You miscast Airstrike.
You are very lightly contaminated with residual magic.
Ouch! You feel a sudden electric shock.
The two-headed ogre shouts in stereo!
You hear a shout!
Casting: Airstrike (safe; 1% risk of failure)
Confirm with . or Enter, or press ? or * to list all spells.
Aiming: Airstrike (safe; 1% risk of failure)
Press: ? - help, Dir - move target cursor, f/p - two-headed ogre
Aim: a two-headed ogre, wielding a dire flail and a giant club The air twists around and strikes the two-headed ogre!
The two-headed ogre is lightly wounded.
Sif Muna grants you divine energy.
You briefly lose access to your magic!
You are unable to access your magic!
You regain access to your magic.
Casting: Airstrike (safe; 1% risk of failure)
Confirm with . or Enter, or press ? or * to list all spells.
Aiming: Airstrike (safe; 1% risk of failure)
Press: ? - help, Dir - move target cursor, f/p - two-headed ogre
Aim: a two-headed ogre, wielding a dire flail and a giant club (lightly wounded)
The air twists around and strikes the two-headed ogre!
The two-headed ogre is moderately wounded.
Sif Muna grants you divine energy.
You briefly lose access to your magic!
You are unable to access your magic!
You regain access to your magic.
The two-headed ogre misses you. x2
An orc and an orc wizard come into view.
The orc wizard moves out of view.
An orc comes into view. It is wielding a short sword.
An orc warrior comes into view. It is wielding a short sword.
The orc warrior shouts!
The orc shouts!
You hear a shout!
The orc wizard shouts!
The orc wizard points at you and mumbles some strange words.
You are confused.
You bump into the rock wall.
You hit the orc but do no damage.
The two-headed ogre hits you with a dire flail!
The two-headed ogre hits you with a giant club!
* * * LOW HITPOINT WARNING * * *
The orc wizard hits you but does no damage.
Your magical contamination has completely faded away.
An orc wizard comes into view. It is wielding a dagger.
You're too confused to move!
The two-headed ogre hits you with a dire flail.
* * * LOW HITPOINT WARNING * * *
The two-headed ogre misses you. The orc wizard hits you with a dagger.
* * * LOW HITPOINT WARNING * * *
The orc hits you with a falchion.
* * * LOW HITPOINT WARNING * * *
You hit the orc but do no damage. The two-headed ogre barely misses you.
The two-headed ogre hits you with a giant club!
You die...

##....)....# ##.
#.........# ##
#.<.......# #
#.........# ##
#####.##.## #. #.##.#
#. #.##.# ### #.
##.###O##.# ##.## ##
......oo@#.#####...##
.......oo...........#
.#..o......#...#...##
##.#[..........#.##
#.#....#...............
# #.####......#.#######
#. #.#...##.# #.
#.##.###.##### #. #.#
#..O<.#


You could see a two-headed ogre, an orc warrior, 2 orc wizards and 2 orcs.

Vanquished Creatures
  Edmund (D:5)
  A sky beast (D:5)
  An ice beast (D:5)
  2 ogres
  A centaur (D:5)
  A bullfrog (D:5)
  2 scorpions
  A hound (D:4)
  A bullfrog zombie (D:5)
  4 orc priests
  4 orc wizards
  A centaur skeleton (D:4)
  2 iguanas
  3 worker ants
  Robin (D:2)
  4 adders
  A shadow imp (D:6)
  An ooze (D:2)
  5 worms
  4 leopard geckos
  16 orcs
  10 bats
  2 giant cockroaches
  17 goblins
  9 hobgoblins
  6 jackals
  4 quokkas
  2 ball pythons
  7 frilled lizards
  13 kobolds
  A quokka skeleton (D:5)
  A quokka zombie (D:5)
  4 rats
133 creatures vanquished.

Notes
Turn   | Place    | Note
-------+----------+-------------------------------------------
     0 | D:1      | Amnesiac the Tengu Air Elementalist began the quest for the Orb.
     0 | D:1      | Reached XP level 1. HP: 10/10 MP: 4/4
   175 | D:1      | Reached XP level 2. HP: 15/15 MP: 1/6
   528 | D:1      | Reached skill level 5 in Air Magic
   552 | D:1      | Reached XP level 3. HP: 16/19 MP: 0/7
   557 | D:1      | Learned a level 3 spell: Static Discharge
  1442 | D:2      | Reached XP level 4. HP: 10/24 MP: 5/9
  1891 | D:2      | Learned a level 4 spell: Airstrike
  2111 | D:2      | Noticed Robin
  2131 | D:2      | Killed Robin
  2517 | D:3      | Noticed an ogre
  2550 | D:3      | Killed an ogre
  2550 | D:3      | Gained mutation: You can fly. [Tengu growth]
  2550 | D:3      | Reached XP level 5. HP: 6/28 MP: 1/11
  2955 | D:3      | Reached XP level 6. HP: 32/32 MP: 5/12
  3820 | D:4      | Found a staircase to the Ecumenical Temple.
  3829 | Temple   | Entered the Ecumenical Temple
  3880 | Temple   | Became a worshipper of Sif Muna the Loreminder
  4206 | D:4      | Reached XP level 7. HP: 36/36 MP: 1/15
  4608 | D:4      | Reached skill level 5 in Spellcasting
  5071 | D:5      | Entered Level 5 of the Dungeon
  5260 | D:5      | Noticed Edmund
  5326 | D:5      | Killed Edmund
  5534 | D:5      | Reached * piety under Sif Muna
  5534 | D:5      | Reached XP level 8. HP: 39/41 MP: 9/19
  5918 | D:5      | Found a shimmering altar of Xom.
  6158 | D:6      | Noticed a two-headed ogre
  6258 | D:5      | Learned a level 5 spell: Lightning Bolt
  6439 | D:6      | Slain by a two-headed ogre

Vault maps used:
D:1:      dpeg_arrival_boxes_within_box
D:2:      minmay_domino_2, uniq_robin
D:3:      first_ration, minmay_misc_feat_room
D:4:      minmay_temple_entry_water_ring, kennysheep_generic_room_13
D:5:      overflow_temple_1_default, uniq_edmund
D:6:      kennysheep_big_flooded_room, uniq_duvessa, uniq_sigmund
Temple:   kilobyte_greek_temple

Skill      XL: |  1  2  3  4  5  6  7  8 |
---------------+-------------------------+-----
Air Magic      | 5 7 8 |  8.3
Spellcasting   | 3 4 6 8 |  8.1
Dodging        | |  2.1
Stealth        | |  2.0
Conjurations   | |  1.3

Action                   |  1- 3 |  4- 6 |  7- 9 || total
-------------------------+-------+-------+-------++-------
Melee: Unarmed           |    12 |    12 |       ||    24
       Kick              |     3 |    11 |       ||    14
       Peck              |     1 |     9 |       ||    10
       Dagger            |       |     3 |       ||     3
       Whip              |       |    23 |       ||    23
       Staff             |       |       |     2 ||     2
 Cast: Shock             |    90 |   139 |    15 ||   244
       Airstrike         |       |     3 |    56 ||    59
       Static Discharge  |       |     2 |     4 ||     6
Invok: Divine Energy     |       |       |     1 ||     1
 Abil: Fly               |       |       |     1 ||     1
  Use: Scroll            |       |       |    12 ||    12
 Stab: Distracted        |       |     1 |       ||     1
       Sleeping          |       |     1 |       ||     1
  Eat: Chunk             |     3 |     8 |     8 ||    19
       Ration            |       |       |     2 ||     2
Armor: Robe              |    14 |     4 |     4 ||    22
Dodge: Dodged            |    24 |    34 |    14 ||    72

Table legend:
 A = Spawn XP
 B = Non-spawn XP
 C = Spawn XP percentage of total XP
 D = Spawn monster count
 E = Non-spawn monster count
 F = Spawn count percentage of total count
 G = Total turns spent on level
                    A         B        C        D         E        F      G
               +---------+---------+-------+---------+---------+-------+---------
         Total |       0 |    1914 |   0.0 |       0 |     133 |   0.0 |  6439
               +---------+---------+-------+---------+---------+-------+---------
           D:1 |       0 |      49 |   0.0 |       0 |      30 |   0.0 |  1065
           D:2 |       0 |     107 |   0.0 |       0 |      38 |   0.0 |  1286
           D:3 |       0 |     204 |   0.0 |       0 |      19 |   0.0 |   901
           D:4 |       0 |     467 |   0.0 |       0 |      21 |   0.0 |  1727
           D:5 |       0 |     949 |   0.0 |       0 |      18 |   0.0 |  1200
           D:6 |       0 |     138 |   0.0 |       0 |       7 |   0.0 |   168
               +---------+---------+-------+---------+---------+-------+---------
